 Dungeon Crawl Stone Soup version 0.30-a0-475-g03497ec522 (webtiles) character file.

Game seed: 11515874400569951173

67 zishaf the Twirler (level 3, 0/28 HPs)
             Began as a Demigod Wanderer on Dec 20, 2022.
             Slain by Terence
             ... wielding a +0 flail
              (8 damage)
             ... on level 2 of the Dungeon.
             The game lasted 00:02:14 (1814 turns).

zishaf the Twirler (Demigod Wanderer)               Turns: 1814, Time: 00:02:15

Health: 0/28       AC:  3    Str: 10    XL:     3   Next: 72%
Magic:  0/8        EV: 11    Int: 20    God:
Gold:   107        SH:  0    Dex: 14    Spells: 3/6 levels left

rFire   . . .      SeeInvis .    a - +0 quarterstaff
rCold   . . .      Faith    .    (shield currently unavailable)
rNeg    . . .      Spirit   .    d - +0 robe
rPois   .          Reflect  .    (no helmet)
rElec   .          Harm     .    (no cloak)
rCorr   .          Rampage  .    (no gloves)
Will    .....                    b - +0 pair of boots
Stlth   +.........               (no amulet)
HPRegen 0.24/turn                (no ring)
MPRegen 0.11/turn                (no ring)

@: no status effects
A: high MP 1, forlorn, divine attributes
a: no special abilities


You were on level 2 of the Dungeon.
You visited 1 branch of the dungeon, and saw 2 of its levels.

You collected 107 gold pieces.

Inventory:

Hand Weapons
 a - a +0 quarterstaff (weapon)
Armour
 b - a +0 pair of boots (worn)
 d - a +0 robe (worn)
Scrolls
 e - 2 scrolls of identify {unknown}
 g - a scroll of teleportation {unknown}
Potions
 c - 2 potions of heal wounds
 f - a potion of might {unknown}
 h - 2 potions of ambrosia {unknown}
 i - a potion of degeneration {unknown}
 j - a potion of attraction {unknown}


   Skills:
 + Level 1.6 Fighting
 - Level 3.6 Staves
 - Level 1.0 Dodging
 - Level 2.0 Spellcasting
 + Level 1.6 Conjurations
 + Level 3.3 Fire Magic


You had 3 spell levels left.
You knew the following spells:

 Your Spells              Type           Power      Damage    Failure   Level
A - Foxfire               Conj/Fire      44%        2x1d6     6%          1
B - Scorch                Fire           30%        2d6       6%          2

Your spell library contained the following spells:

 Spells                   Type           Power      Damage    Failure   Level
 Apportation              Tloc           4%         N/A       16%         1
 Kindle Blastsparks       Fire/Tloc/Air  12%        2d11      30%         3
 Alistair's Intoxication  Tmut/Pois      1%         N/A       99%         5


Dungeon Overview and Level Annotations

Branches:
Dungeon (2/15)

Annotations:
D:2 Terence


Innate Abilities, Weirdness & Mutations

You have an increased reservoir of magic. (+10% MP)
You shall have no god before yourself.
Your divine heritage dramatically boosts your attributes as you level up.


Message History

You see here a bat corpse.
Terence is nearby!
Casting: Foxfire (safe; 6% risk of failure)
Confirm with . or Enter, or press ? or * to list all spells.
You can't see any susceptible monsters within range! (Use Z to cast anyway.)
Casting: Foxfire (safe; 6% risk of failure)
Confirm with . or Enter, or press ? or * to list all spells.
Flames lash Terence.
Terence is moderately wounded.
Terence's fire resistance burns away.
Casting: Scorch (safe; 6% risk of failure)
Confirm with . or Enter, or press ? or * to list all spells.
Flames lash Terence but do no damage.
Casting: Scorch (safe; 6% risk of failure)
Confirm with . or Enter, or press ? or * to list all spells.
Flames lash Terence but do no damage.
Terence hits you with a +0 flail!
Casting: Scorch (safe; 6% risk of failure)
Confirm with . or Enter, or press ? or * to list all spells.
Flames lash Terence.
Terence is heavily wounded.
Terence hits you with a +0 flail.
A rat comes into view.
Casting: Scorch (safe; 6% risk of failure)
Confirm with . or Enter, or press ? or * to list all spells.
You don't have enough magic to cast this spell.
You hit Terence.
Terence is heavily wounded.
Terence hits you with a +0 flail.
You hit Terence but do no damage.
Terence is heavily wounded.
Terence hits you with a +0 flail.
You hit Terence.
Terence is severely wounded.
Terence hits you with a +0 flail.
* * * LOW HITPOINT WARNING * * *
You closely miss Terence.
Terence is severely wounded.
Terence is no longer more vulnerable to fire.
Terence hits you with a +0 flail!
You die...

#. .. #. #. #.
#.
.###.#.######
...r..@@†...#
....##.##.#.# #
#.#..#.#
#.#.##.#
#.#.##.#
#......#
##########.####
#.....# #.#
########.....#
#.#


You could see Terence and a rat.

Vanquished Creatures
  A gnoll (D:1)
  A worm (D:2)
  3 dart slugs (D:1)
  5 endoplasms
  2 giant cockroaches (D:1)
  5 goblins
  5 hobgoblins
  7 jackals (D:2)
  2 kobolds (D:2)
  A quokka (D:1)
  A ball python (D:1)
  5 bats
  4 rats
42 creatures vanquished.

Vanquished Creatures (others)
  61 foxfires
  A plant (D:2)
  3 withered plants (D:2)
65 creatures vanquished.

Grand Total: 107 creatures vanquished

Notes
Turn   | Place    | Note
-------+----------+-------------------------------------------
     0 | D:1      | zishaf the Demigod Wanderer began the quest for the Orb.
     0 | D:1      | zishaf set off with the following items: a +0 quarterstaff,
                  | a +0 pair of boots, a potion of heal wounds, a +0 robe; and
                  | the following spell memorised: Foxfire; and the following
                  | spells available to memorise: Scorch, Kindle Blastsparks.
     0 | D:1      | Reached XP level 1. HP: 14/14 MP: 5/5
   176 | D:1      | Reached XP level 2. HP: 22/22 MP: 7/7
   345 | D:1      | Reached skill level 1 in Fighting
   345 | D:1      | Reached skill level 1 in Conjurations
   744 | D:1      | Reached XP level 3. HP: 9/28 MP: 0/8
   747 | D:1      | Learned a level 2 spell: Scorch
  1804 | D:2      | Noticed Terence
  1814 | D:2      | Slain by Terence

Illustrated notes

Levels and vault maps discovered:
D:1:      sevenhm_arrival_forest_fort_large_4, layout_loops_ring,
          roderic_roman_lattice, st_stairs_6, corexii_hall_statues_l
D:2:      layout_loops_cross, shapermc_ecumenical_altar_flowoftime,
          minmay_misc_feat_room, minmay_misc_feat_cross, uniq_terence

Skill      XL: |  1  2 |
---------------+-------+-----
Spellcasting   | 2 |  2.0
Fighting       | 1 |  1.6
Conjurations   | 1 |  1.6
Fire Magic     | 3 |  3.3
Staves         | |  3.6
Dodging        | |  1.0

Action                   || total
-------------------------++-------
Melee: Quarterstaff      ||    77
 Cast: Foxfire           ||    34
       Scorch            ||    10
 Stab: Sleeping          ||     4
Armor: Robe              ||    25
Dodge: Dodged            ||    51

Table legend: (Time is in decaauts)
 A = Elapsed time spent in this place.
 B = Non-inter-level travel time spent in this place.
 C = Inter-level travel time spent in this place.
 D = Time resting spent in this place.
 E = Time spent auto-exploring this place.
 F = Levels seen in this place.
 G = Mean time per level.
                   A        B        C        D        E       F      G
               +--------+--------+--------+--------+--------+-----+--------+
         Total |   1823 |   1751 |     72 |      0 |   1474 |   2 |  911.5 |
       Dungeon |   1823 |   1751 |     72 |      0 |   1474 |   2 |  911.5 |
               +--------+--------+--------+--------+--------+-----+--------+

Top non-repeatable levels by time:
     D:1: 1244 daAuts
     D:2: 578 daAuts
